 Dungeon Sprint DCSS version 0.22.1-1-ga44c0e56f4 (webtiles) character file.

1596 MuseOD the Cleaver (level 8, -9/83 HPs)
             Began as a Hill Orc Fighter on Oct 4, 2018.
             Was a Follower of Beogh.
             Killed from afar by Erolcha (29 damage)
             ... with a crystal spear
             ... in the Dungeon (Sprint III: "The Ten Rune Challenge").
             The game lasted 00:02:48 (2066 turns).

MuseOD the Cleaver (Hill Orc Fighter)               Turns: 2066, Time: 00:02:49

Health: -9/83      AC: 10    Str: 20    XL:     8   Next: 93%
Magic:  8/8        EV:  9    Int:  8    God:    Beogh [*.....]
Gold:   35         SH: 12    Dex: 11    Spells: 7/7 levels left

rFire    . . .     SeeInvis .   a - +0 war axe
rCold    . . .     Gourm    .   c - +0 shield
rNeg     . . .     Faith    .   b - +0 scale mail
rPois    .         Spirit   .   (no helmet)
rElec    +         Reflect  .   (no cloak)
rCorr    .         Harm     .   (no gloves)
MR       .....     NoTele   +   (no boots)
Stlth    ..........             (no amulet)
HPRegen  0.23/turn              (no ring)
MPRegen  0.11/turn              (no ring)

@: slowed, very slow
A: sense surroundings 1, shaggy fur 1, electricity resistance
a: Renounce Religion


You were in the Dungeon.
You worshipped Beogh.
Beogh was aware of your devotion.
You were hungry.

You visited 1 branch You collected 35 gold pieces.

Inventory:

Hand Weapons
 a - a +0 war axe (weapon)
Armour
 b - a +0 scale mail (worn)
 c - a +0 shield (worn)
Scrolls
 k - a scroll of blinking
 l - a scroll of enchant weapon {unknown}
 m - a scroll of immolation {unknown}
 n - 3 scrolls of remove curse
 o - 2 scrolls of identify {unknown}
 r - a scroll of holy word {unknown}
Potions
 d - a potion of might
 e - a potion of curing
 g - a potion of heal wounds
 h - a potion of haste
 i - 2 potions of magic
 j - a potion of berserk rage
 p - a potion of flight {unknown}
 q - 4 potions of mutation
 s - a potion of ambrosia {unknown}
Comestibles
 f - 4 rations


   Skills:
 + Level 11.9 Fighting
 + Level 12.6 Axes
 + Level 11.0 Armour
 + Level 11.0 Shields


You had 7 spell levels left.
You didn't know any spells.
Your spell library contained the following spells:

 Spells                   Type           Power        Failure   Level  Hunger
 Animate Skeleton         Necr           N/A          86%         1    ##.....
 Apportation              Tloc           #.....       86%         1    ##.....
 Confusing Touch          Hex            #.....       86%         1    ##.....
 Magic Dart               Conj           #...         86%         1    ##.....
 Summon Small Mammal      Summ           #...         86%         1    ##.....
 Blink                    Tloc           N/A          94%         2    ###....
 Call Imp                 Summ           #.......     94%         2    ###....
 Slow                     Hex            #.......     94%         2    ###....
 Conjure Flame            Conj/Fire      #.......     99%         3    ####...
 Mephitic Cloud           Conj/Pois/Air  #.......     99%         3    ####...


Dungeon Overview and Level Annotations

Branches:
Dungeon (1/1)

Altars:
Dithmenos
Elyvilon
Kikubaaqudgha
Okawaru
Ru
Sif Muna
Trog
Uskayaw
Vehumet
Wu Jian
Yredelemnul
Zin
The Shining One
Beogh

Annotations:
D Erolcha


Innate Abilities, Weirdness & Mutations

You passively map a small area around you.
You are covered in fur. (AC +1)
You are resistant to electric shocks. (rElec)


Message History

You slash Erolcha!
Erolcha is severely wounded.
Erolcha hits you with a giant club!
You hit Erolcha but do no damage.
Erolcha is severely wounded.
Erolcha casts a spell at you. The bolt of cold hits you!
* * * LOW HITPOINT WARNING * * *
You barely miss Erolcha.
Erolcha is severely wounded.
You block Erolcha's attack.
You hit Erolcha but do no damage.
Erolcha is severely wounded.
You block Erolcha's attack.
You hit Erolcha but do no damage.
Erolcha is severely wounded.
Erolcha closely misses you. Erolcha gestures at you while chanting.
The crystal spear hits you!
You die...

__# * + ._#, , , ,*
)##, ,, *, , ..# ,
,, , ).#, , , #)#,
* * * * * *
..#+##############
* *
..#..).#.#.#.....#,
,,
..##.#..#.##.###@#
,
..'##.#.#.##.#.O##
, ..#...#..#..##..+
, ,
▓▓▓▓▓▓▓▓▓▓▓▓▓▓▓▓ ,,
, , ≈ , ,, , , , ≈
*, + ,, , * * * , *
* * ,


You could see Erolcha.

Vanquished Creatures
  A deep elf mage (D)
  A shadow (D)
  A necrophage (D)
  4 two-headed ogres (D)
  A water elemental (D)
  A wizard (D)
  A jelly (D)
  Jessica (D)
  A necromancer (D)
  3 humans (D)
  A kobold demonologist (D)
  A phantom (D)
  3 rats (D)
20 creatures vanquished.

Vanquished Creatures (others)
  2 draconian scorchers (D)
  6 hellions (D)
  2 yaktaurs (D)
  An electric eel (D)
11 creatures vanquished.

Grand Total: 31 creatures vanquished

Notes
Turn   | Place    | Note
-------+----------+-------------------------------------------
     0 | D        | MuseOD the Hill Orc Fighter began the quest for the Orb.
     0 | D        | Reached XP level 1. HP: 19/19 MP: 1/1
     5 | D        | Reached skill level 3 in Axes
    10 | D        | Noticed Jessica
    13 | D        | Killed Jessica
    13 | D        | Reached skill level 5 in Fighting
    13 | D        | Reached skill level 4 in Axes
    13 | D        | Reached XP level 2. HP: 29/29 MP: 2/2
    13 | D        | Reached XP level 3. HP: 36/36 MP: 3/3
    46 | D        | Killed a yaktaur
    79 | D        | Killed a hellion
    86 | D        | Killed a hellion
    92 | D        | Reached skill level 5 in Axes
    92 | D        | Reached skill level 5 in Armour
    92 | D        | Reached skill level 5 in Shields
   108 | D        | Killed a hellion
   129 | D        | Killed a hellion
   171 | D        | Killed a hellion
   186 | D        | Killed a white draconian scorcher
   208 | D        | Killed a white draconian scorcher
   214 | D        | Killed a hellion
   465 | D        | Gained mutation: You have a pair of small antennae on your
                  | head. [potion of mutation]
   465 | D        | Gained mutation: Your body sometimes deteriorates upon
                  | taking damage. [potion of mutation]
   465 | D        | Gained mutation: You passively map a small area around you.
                  | [potion of mutation]
   466 | D        | Lost mutation: Your body sometimes deteriorates upon taking
                  | damage. [potion of mutation]
   466 | D        | Lost mutation: You have a pair of small antennae on your
                  | head. [potion of mutation]
   466 | D        | Gained mutation: You are covered in fur. (AC +1) [potion of
                  | mutation]
   466 | D        | Gained mutation: You are resistant to electric shocks.
                  | (rElec) [potion of mutation]
   480 | D        | Noticed a water elemental
   494 | D        | Killed a water elemental
   494 | D        | Reached skill level 6 in Axes
   494 | D        | Reached XP level 4. HP: 22/45 MP: 4/4
   631 | D        | Killed a yaktaur
   656 | D        | Found a basalt altar of Yredelemnul.
   656 | D        | Found a shadowy altar of Dithmenos.
   656 | D        | Found a sacrificial altar of Ru.
   656 | D        | Noticed a necrophage
   662 | D        | Reached skill level 7 in Axes
   662 | D        | Reached XP level 5. HP: 47/51 MP: 5/5
   677 | D        | Killed a necrophage
   677 | D        | Reached skill level 8 in Axes
   831 | D        | Found a radiant altar of Vehumet.
   832 | D        | Found a deep blue altar of Sif Muna.
   832 | D        | Found an ancient bone altar of Kikubaaqudgha.
   833 | D        | Reached XP level 6. HP: 61/61 MP: 6/6
   898 | D        | Found a glowing silver altar of Zin.
   898 | D        | Found a glowing golden altar of the Shining One.
   898 | D        | Found a white marble altar of Elyvilon.
   898 | D        | Noticed a deep elf mage
   914 | D        | Killed a deep elf mage
   914 | D        | Reached skill level 10 in Fighting
   914 | D        | Reached skill level 10 in Axes
   914 | D        | Reached XP level 7. HP: 51/72 MP: 7/7
  1024 | D        | Found a hide-covered altar of Uskayaw.
  1024 | D        | Found a roughly hewn altar of Beogh.
  1024 | D        | Found an iron altar of Okawaru.
  1024 | D        | Found a bloodstained altar of Trog.
  1024 | D        | Found an ornate altar of the Wu Jian Council.
  1024 | D        | Noticed a human
  1024 | D        | Noticed a human
  1040 | D        | Killed a human
  1040 | D        | Reached skill level 11 in Axes
  1048 | D        | Killed a human
  1048 | D        | Reached skill level 10 in Armour
  1048 | D        | Reached skill level 10 in Shields
  1048 | D        | Reached XP level 8. HP: 12/81 MP: 8/8
  1184 | D        | Became a worshipper of Beogh the Brigand
  1351 | D        | Noticed a shadow
  1364 | D        | Killed a shadow
  1490 | D        | Reached * piety under Beogh
  1495 | D        | Reached skill level 12 in Axes
  1756 | D        | Noticed a two-headed ogre
  1782 | D        | Killed a two-headed ogre
  2059 | D        | Noticed a two-headed ogre
  2059 | D        | Noticed Erolcha
  2066 | D        | Killed from afar by Erolcha

Skill      XL: |  1  2  3  4  5  6  7  8 |
---------------+-------------------------+-----
Axes           | 4 6 7 8 10 11 12 | 12.6
Fighting       | 5 6 8 10 11 | 11.9
Armour         | 4 6 7 9 10 11 | 11.0
Shields        | 4 6 7 9 10 11 | 11.0

Action                   |  1- 3 |  4- 6 |  7- 9 || total
-------------------------+-------+-------+-------++-------
Melee: War axe           |    36 |    45 |    69 ||   150
  Use: Potion            |     2 |       |       ||     2
  Eat: Chunk             |       |       |     3 ||     3
Armor: Scale mail        |     8 |     6 |     8 ||    22
Dodge: Dodged            |    11 |    18 |    24 ||    53
Block: Shield            |    15 |    15 |    41 ||    71
